AoeStats
← kywildcats4life

Kawasan

503062111Analyzed
2v2 EW · 1mo ago on Aug 30, 2026· 16m 1s· 4 players
Game mode
Empire Wars
Map size
Medium (4 player)
Population
200
Speed
Normal
Resources
Standard
Victory
Conquest
Starting age
Feudal Age
Ending age
Imperial Age
RankedLock teamsTeams togetherTeam positionsShared explorationLock speedFull tech treeHidden civsTurbo modeCheats
Victory
Defeat
🇲🇽 Magyars · Mexico
1407
+3
🇨🇷 Koreans · Costa Rica
1049
+15
🇺🇸 Britons · United States
1040
-8
🇪🇨 Saracens · Ecuador
1013
-7
Chino98
2:25 Town Watch
3:51 Fletching
7:06 Double-Bit Axe
8:37 Fishing Lines
9:36 Scale Mail Armor
13:54 Castle Age
13:08 Forging
12:48 Arson
13:51 Stone Mining
15:42 Wheelbarrow
15:15 Gillnets
15:07 Elite Skirmisher
15:09 Pikeman
15:47 Horse Collar
16:02 Gold Mining
Mistico
0:56 Double-Bit Axe
5:02 Scale Barding Armor
7:53 Wheelbarrow
10:42 Castle Age
10:19 Bloodlines
10:57 Light Cavalry
12:18 Chain Barding Armor
kywildcats4life
4:37 Padded Archer Armor
5:17 Fletching
7:41 Double-Bit Axe
8:39 Wheelbarrow
7:49 Town Watch
10:21 Town Watch
15:10 Castle Age
14:03 Scale Mail Armor
Genghis Mike
5:05 Town Watch
14:51 Castle Age
15:40 Double-Bit Axe
Connection lost

Rejoining the realm…

Still unreachable

The connection could not be restored.

Session expired

The server has moved on; the page needs a fresh start.